 Dungeon Crawl Stone Soup version 0.27-a0-951-gae3e1deef5 (webtiles) character file.

Game seed: 8787382230180479209

259 Alarkh the Insei (level 5, -3/40 HPs)
             Began as a Demonspawn Transmuter on Apr 11, 2021.
             Slain by a gnoll
             ... wielding a +0 flail
              (13 damage)
             ... on level 4 of the Dungeon.
             The game lasted 00:06:10 (3909 turns).

Alarkh the Insei (Demonspawn Transmuter)            Turns: 3909, Time: 00:06:12

Health: -3/40      AC:  2    Str: 10    XL:     5   Next: 95%
Magic:  4/9        EV: 12    Int: 16    God:
Gold:   194        SH:  0    Dex: 15    Spells: 5/9 levels left

rFire    . . .     SeeInvis .     - Unarmed
rCold    . . .     Faith    .   (no shield)
rNeg     . . .     Spirit   .   a - +0 robe
rPois    .         Reflect  .   (helmet currently unavailable)
rElec    .         Harm     .   (no cloak)
rCorr    .         Rampage  .   (no gloves)
Will     .....                  (boots currently unavailable)
Stlth    ++........             (no amulet)
HPRegen  0.13/turn              (no ring)
MPRegen  0.11/turn              (no ring)

@: appendages
A: horns 2, talons 2, thin skeletal structure 1, powered by death 1
a: End Transformation


You were on level 4 of the Dungeon.
You had temporarily grown beastly horns and talons.
You visited 1 branch of the dungeon, and saw 4 of its levels.

You collected 194 gold pieces.

Inventory:

Missiles
 d - 18 poisoned darts
Armour
 a - a +0 robe (worn)
 j - a +0 helmet (melded)
Magical Staves
 c - a staff of poison
Jewellery
 q - a +6 ring of intelligence
Wands
 n - a wand of digging (5)
Scrolls
 e - a scroll of silence {unknown}
 f - a scroll of amnesia
 g - 2 scrolls of teleportation {unknown}
 h - a scroll of immolation {unknown}
 k - a scroll of noise {unknown}
 l - a scroll of enchant armour {unknown}
 m - a scroll of fear {unknown}
 o - a scroll of acquirement {unknown}
 r - 2 scrolls of identify
Potions
 b - a potion of heal wounds
 i - 2 potions of attraction
 p - a potion of brilliance {unknown}


   Skills:
 + Level 2.9 Fighting
 - Level 1.7 Dodging
 * Level 4.7 Unarmed Combat
 + Level 2.7 Spellcasting
 + Level 2.5 Transmutations


You had 5 spell levels left.
You knew the following spells:

 Your Spells              Type           Power      Damage    Failure   Level
a - Beastly Appendage     Tmut           20%        N/A       7%          1
b - Spider Form           Tmut/Pois      3%         N/A       34%         3

Your spell library contained the following spells:

 Spells                   Type           Power      Damage    Failure   Level
 Wereblood                Tmut           10%        N/A       10%         2
 Animate Skeleton         Necr           4%         N/A       19%         1
 Apportation              Tloc           4%         N/A       19%         1
 Corona                   Hex            2%         N/A       19%         1
 Summon Small Mammal      Summ           8%         N/A       19%         1
 Ice Form                 Ice/Tmut       6%         N/A       75%         4
 Hydra Form               Tmut           5%         N/A       88%         5


Dungeon Overview and Level Annotations

Branches:
Dungeon (4/15)
 Temple: D:4-7

Altars:
Ru

Annotations:
D:2 1 runed translucent door, Crazy Yiuf


Innate Abilities, Weirdness & Mutations

You have temporarily grown beastly horns and talons.
You have a somewhat thin skeletal structure. (Dex +2, Stealth)
You regenerate a little health from kills.


Message History

The gnoll misses you.
You hit the gnoll.
You kill the gnoll!
Your magical contamination has completely faded away.
You see here a +0 spear.
HP restored.
A gnoll is nearby!
Your transformation has ended.
Your +0 helmet unmelds from your body.
Your +0 robe unmelds from your body.
You closely miss the gnoll.
The gnoll shouts!
The gnoll hits you with a +0 flail.
You hit the gnoll but do no damage. The gnoll hits you with a +0 flail.
You barely miss the gnoll. The gnoll barely misses you.
You barely miss the gnoll. You hit the gnoll.
The gnoll is lightly wounded.
The gnoll hits you with a +0 flail.
Casting: Spider Form (quite dangerous; 34% risk of failure)
Confirm with . or Enter, or press ? or * to list all spells.
You grow a pair of large bovine horns.
Your feet morph into talons.
Your +0 helmet melds into your body.
The gnoll closely misses you.
Unknown command.
You barely miss the gnoll. Your headbutt misses the gnoll.
The gnoll is lightly wounded.
The gnoll hits you with a +0 flail!
Your transformation is almost over.
There is a stone staircase leading down here.
Casting: Beastly Appendage (safe; 7% risk of failure)
Press: ? - help, Q - select action, (/) - cycle Dir - look around, f - activate You extend your transformation's duration.
The gnoll hits you with a +0 flail.
* * * LOW HITPOINT WARNING * * *
Throw: 19 darts (poison)
Press: ? - help, Shift-Dir - straight line, f - gnoll
Aim: a gnoll, wielding a +0 flail (63% to hit)
You throw a poisoned dart. The poisoned dart hits the gnoll.
The gnoll is poisoned.
The gnoll hits you with a +0 flail!
You die...

#.# #.#.#.#..........#
#.#####.#.#)##.####.##.##
##.##...#)......## #.##..#
###......#.#.).....###.###.#
#..........#)).........# #.#
#.#.)....###.......##### #.#
###.##.##.## #....>.########.#
........#.####.#.##.#........#
###.##..#...(.<.@g....########
#.##...........##.###
#.###.######.####.# #.# #.#
#.# #.# #.# #.. ..# #o# #.#
#### #### ##. #.#########..# .
#........##.## # ########.##)#


You could see a gnoll (poisoned).

Vanquished Creatures
  An orc priest (D:3)
  2 orc wizards (D:4)
  Terence (D:3)
  3 adders
  2 gnolls (D:4)
  A worm (D:3)
  4 dart slugs
  14 orcs
  3 ball pythons
  7 endoplasms
  8 goblins
  5 hobgoblins
  9 jackals
  7 kobolds
  5 quokkas
  3 bats
  2 frilled lizards
  7 rats
84 creatures vanquished.

Notes
Turn   | Place    | Note
-------+----------+-------------------------------------------
     0 | D:1      | Alarkh the Demonspawn Transmuter began the quest for the
                  | Orb.
     0 | D:1      | Reached XP level 1. HP: 15/15 MP: 3/3
   198 | D:1      | Reached skill level 3 in Unarmed Combat
   323 | D:1      | Gained mutation: You regenerate a little health from kills.
                  | [demonic ancestry]
   323 | D:1      | Reached XP level 2. HP: 7/21 MP: 3/5
   571 | D:1      | Found a faded altar of an unknown god.
  1091 | D:2      | Reached XP level 3. HP: 23/27 MP: 6/6
  1115 | D:2      | Learned a level 3 spell: Spider Form
  1915 | D:2      | Gained mutation: You have a somewhat thin skeletal
                  | structure. (Dex +2, Stealth) [demonic ancestry]
  1915 | D:2      | Reached XP level 4. HP: 28/33 MP: 5/7
  1981 | D:2      | Found a runed translucent door.
  1982 | D:2      | Noticed Crazy Yiuf
  2480 | D:3      | Reached skill level 4 in Unarmed Combat
  2830 | D:3      | Found a sacrificial altar of Ru.
  3024 | D:3      | Noticed Terence
  3043 | D:3      | Killed Terence
  3126 | D:3      | You fall into a shaft and drop 1 floor!
  3162 | D:4      | Reached XP level 5. HP: 22/39 MP: 4/8
  3909 | D:4      | Slain by a gnoll

Illustrated notes

Levels and vault maps discovered:
D:1:      mrwooster_arrival_statue_2, layout_loops_ring, basic_ecumenical_altar,
          serial_park_tiny_1
D:2:      layout_basic, uniq_crazy_yiuf_cottage
D:3:      layout_basic, lemuel_round_altar, uniq_terence
D:4:      layout_loops_ring, minmay_temple_entry_hall, grunt_ministairs_4,
          minmay_misc_feat_roman, chequers_arboretum, uniq_edmund, uniq_sigmund

Skill      XL: |  1  2  3  4 |
---------------+-------------+-----
Unarmed Combat | 3 4 |  4.7
Fighting       | 2 |  2.9
Transmutations | 2 |  2.5
Dodging        | |  1.7
Spellcasting   | |  2.7

Action                   |  1- 3 |  4- 6 || total
-------------------------+-------+-------++-------
Melee: Unarmed           |   142 |   182 ||   324
       Kick              |    17 |    14 ||    31
       Headbutt          |    11 |    10 ||    21
       Punch             |     3 |     2 ||     5
Throw: Dart              |       |     1 ||     1
 Cast: Beastly Appendage |    24 |    18 ||    42
       Spider Form       |       |     5 ||     5
  Use: Potion            |     1 |       ||     1
       Scroll            |       |     2 ||     2
 Stab: Sleeping          |     1 |     3 ||     4
Armor: Robe              |    23 |    17 ||    40
       Skin              |       |     4 ||     4
Dodge: Dodged            |    74 |   103 ||   177

Table legend: (Time is in decaauts)
 A = Elapsed time spent in this place.
 B = Non-inter-level travel time spent in this place.
 C = Inter-level travel time spent in this place.
 D = Time resting spent in this place.
 E = Time spent auto-exploring this place.
 F = Levels seen in this place.
 G = Mean time per level.
                   A        B        C        D        E       F      G
               +--------+--------+--------+--------+--------+-----+--------+
         Total |   3885 |   3766 |    119 |    416 |   2663 |   4 |  971.2 |
       Dungeon |   3885 |   3766 |    119 |    416 |   2663 |   4 |  971.2 |
               +--------+--------+--------+--------+--------+-----+--------+

Top non-repeatable levels by time:
     D:2: 1375 daAuts
     D:3: 1147 daAuts
     D:1: 1015 daAuts
     D:4: 346 daAuts
